 Dungeon Crawl Stone Soup version 0.17.1-1-g73c8601 (webtiles) character file.

86 abixa the Poker (level 4, -17/36 HPs)
             Began as a Demigod Skald on Jan 7, 2016.
             Demolished by a crocodile (19 damage)
             ... in a sewer.
             The game lasted 00:07:19 (2056 turns).

abixa the Poker (Demigod Skald)                     Turns: 2056, Time: 00:07:19

Health: -17/36     AC:  3    Str: 15    XL:     4   Next: 5%
Magic:  6/9        EV: 11    Int: 18    God:
Gold:   41         SH:  0    Dex: 15    Spells: 1 memorised, 5 levels left

rFire  + . .     SeeInvis .     a - +0 spear
rCold  . . .     Clarity  .     b - +0 leather armour
rNeg   . . .     SustAt   +     (no shield)
rPois  .         Gourm    .     (no helmet)
rElec  .         Spirit   .     (no cloak)
rCorr  .         Warding  .     (no gloves)
rMut   .         Stasis   .     (no boots)
MR     .....                    (no amulet)
Stlth  +.........               p - ring of protection from fire
                                i - ring of flight

@: infused (expiring), not resistant to hostile enchantments, very unstealthy
A: high mp 1, sustain attributes
a: Evoke Flight


You were in a sewer.
You were not hungry.

You visited 1 branch of the dungeon, and saw 4 of its levels.
You also visited: Sewer.

You collected 41 gold pieces.

Inventory:

Hand Weapons
 a - a +0 spear (weapon)
 n - a +0 hunting sling
 q - a +0 blowgun
Missiles
 e - 17 poisoned needles
 j - 20 arrows
 k - 40 bolts
 l - 68 stones (quivered)
Armour
 b - a +0 leather armour (worn)
 r - a +0 ring mail
Jewellery
 i - a ring of flight (left hand)
 p - a ring of protection from fire (right hand)
Scrolls
 f - a scroll of amnesia {unknown}
 g - 2 scrolls of remove curse {unknown}
 o - 2 scrolls of teleportation {unknown}
 s - a scroll of fear {unknown}
Potions
 h - a potion of magic {unknown}
 m - 2 potions of brilliance {unknown}
 t - a potion of invisibility {unknown}
Books
 c - a book of Battle

   Spells                             Type                      Level
   a - Infusion                       Charms                       1
   b - Shroud of Golubria             Charms/Translocation         2
   c - Song of Slaying                Charms                       2
   d - Spectral Weapon                Hexes/Charms                 3
   e - Regeneration                   Charms/Necromancy            3
Comestibles
 d - a bread ration


   Skills:
 - Level 1.7 Fighting
 + Level 4.1 Polearms
 - Level 0.8 Armour
 - Level 0.8 Dodging
 - Level 1.7 Spellcasting
 - Level 2.6 Charms


You had 5 spell levels left.
You knew the following spells:

 Your Spells              Type           Power        Failure   Level  Hunger
a - Infusion              Chrm           ##....       10%         1    #......


Dungeon Overview and Level Annotations

Branches:
Dungeon (4/15)             Temple (0/1) D:4

Annotations:
D:4 Sigmund


Innate Abilities, Weirdness & Mutations

You have an increased reservoir of magic (+10% MP).
Your attributes are resistant to harm.


Message History

The crocodile is heavily wounded.
The crocodile misses you.
You hit the crocodile but do no damage.
The crocodile is heavily wounded.
Your magical infusion is running out.
The crocodile closely misses you.
You closely miss the crocodile.
The crocodile is heavily wounded.
The crocodile bites you!
* * * LOW HITPOINT WARNING * * *
You closely miss the crocodile.
The crocodile is moderately wounded.
You hit the crocodile.
The crocodile is heavily wounded.
The crocodile barely misses you.
You closely miss the crocodile.
The crocodile is heavily wounded.
The crocodile bites you!!
Ouch! That really hurt!
You die...

### #≈# ###
#≈###### .≈.##
##≈##...# ≈....###
#.≈.#.∩.# #..≈..###
#.≈.)÷∩.#
#...≈.###.≈.)...# #
##≈.....t@≈÷#####
.###
###.....###.≈.....#
.≈≈####.....###
#.≈.....#
..≈≈.≈≈...###
#.≈.#...#
##......###
##≈##...# ########
#≈###.## #≈##..#
#≈##..# ## #..#


You could see a crocodile.

Vanquished Creatures
  5 adders
  2 giant geckos
  3 orcs (D:4)
  2 bats (D:1)
  5 giant cockroaches
  3 goblins (D:1)
  2 hobgoblins (D:1)
  2 jackals (Sewer)
  2 giant newts (D:1)
  A jackal skeleton (D:4)
  4 kobolds
  2 quokkas
  3 rats
36 creatures vanquished.

Notes
Turn   | Place    | Note
--------------------------------------------------------------
     0 | D:1      | abixa the Demigod Skald began the quest for the Orb.
     0 | D:1      | Reached XP level 1. HP: 17/17 MP: 5/5
   549 | D:1      | Reached XP level 2. HP: 24/24 MP: 2/7
  1003 | D:2      | You fall through a shaft for 2 floors!
  1003 | D:4      | Found a staircase to the Ecumenical Temple.
  1101 | D:4      | Reached skill level 3 in Polearms
  1196 | D:3      | Reached XP level 3. HP: 7/29 MP: 1/8
  1296 | D:4      | Noticed Sigmund
  1508 | D:4      | Found a glowing drain.
  1513 | D:4      | Reached skill level 4 in Polearms
  1569 | Sewer    | Entered a sewer
  1817 | Sewer    | Reached XP level 4. HP: 32/36 MP: 6/9
  2022 | Sewer    | Noticed a crocodile
  2056 | Sewer    | Demolished by a crocodile

Action                   |  1- 3 |  4- 6 || total
-------------------------+-------+-------++-------
Melee: Spear             |   130 |    23 ||   153
 Fire: Blowgun           |       |     3 ||     3
 Cast: Infusion          |    18 |     1 ||    19
 Abil: Evoke Flight      |     1 |       ||     1
  Eat: Chunk             |     3 |     1 ||     4
